Map: Cyber Forest LE

Players

TIME (Oliveira)

  • Race: Terran Terran
  • Spawn Location: 11:00

BratOK (Brat_OK) - Winner!

  • Race: Terran Terran
  • Spawn Location: 5:00

Event: 2019 WCS Spring

VOD

Have the link to the VOD?

Description

Time

  • Played on: May 17, 2019, 7:16 a.m.
  • Length: 6:32

All games in this series

Show
View Real Time Build Order
Export as new Build Order

TIME Terran 

Build Orders:  

Get SALT Encoding   

  12  0:00  SCV  
  13  0:12  SCV  
  14  0:17  Supply Depot  
  14  0:24  SCV  
  15  0:30  Refinery  
  15  0:39  SCV  
  16  0:45  Barracks  
  16  0:51  SCV  
  17  0:57  Refinery  
  17  1:03  SCV  
  18  1:15  SCV  
  19  1:32  Reaper, Orbital Command  
  20  1:38  Factory  
  20  1:49  Supply Depot  
  20  1:58  SCV  
  21  2:04  Reaper  
  22  2:10  SCV  
  23  2:22  SCV  
  26  2:23  Hellion  
  26  2:34  Command Center  
  26  2:37  SCV  
  26  2:40  Barracks Reactor  
  27  2:47  Starport  
  27  2:54  Hellion  
  27  2:56  SCV  
  30  3:01  Supply Depot  
  30  3:11  SCV  
  31  3:16  Factory Tech Lab  
  31  3:22  Marine x2  
  31  3:26  SCV  
  34  3:34  Siege Tank  
  34  3:35  Medivac  
  39  3:46  SCV, Marine x2  
  39  3:47  Orbital Command  
  42  3:58  SCV  
  43  4:03  Marine x2  
  45  4:10  SCV  
  45  4:12  Raven  
  45  4:13  SCV  
  45  4:14  Factory Tech Lab  
  45  4:16  Supply Depot  
  49  4:21  Marine x2  
  49  4:22  SCV  
  52  4:25  SCV  
  53  4:34  SCV  
  53  4:37  Cyclone  
  48  4:39  Marine x2  
  48  4:40  SCV  
  51  4:53  SCV  
  51  4:54  Barracks x2  
  51  4:57  Raven, Marine x2  
  51  4:59  SCV  
  57  5:05  SCV  
  57  5:11  SCV  
  57  5:15  Marine x2  
  57  5:17  SCV  
  57  5:21  Engineering Bay  
  56  5:24  SCV  
  52  5:29  SCV  
  52  5:32  Marine x2  
  52  5:33  Siege Tank  
  47  5:36  SCV  
  47  5:41  SCV  
  43  5:48  SCV  
  41  5:50  Marine  
  41  5:53  SCV  
  41  5:55  Marine  
  44  5:58  Marine  
  44  6:00  SCV  
  46  6:05  SCV, Supply Depot  
  46  6:07  Marine  
  46  6:11  Refinery  
  48  6:12  SCV, Marine  
  48  6:17  SCV  
Show
View Real Time Build Order
Export as new Build Order

BratOK Terran - Winner!

Build Orders: Liberator Opening 

Get SALT Encoding   

  12  0:00  SCV  
  13  0:12  SCV  
  14  0:17  Supply Depot  
  14  0:25  SCV  
  15  0:29  Refinery  
  15  0:38  SCV  
  16  0:44  Barracks  
  16  0:51  SCV  
  17  0:57  Refinery  
  17  1:03  SCV  
  18  1:15  SCV  
  19  1:31  Orbital Command  
  19  1:32  Factory  
  19  1:34  Reaper  
  20  1:47  Supply Depot  
  20  1:57  SCV  
  21  2:06  Reaper  
  22  2:09  SCV  
  23  2:16  Hellion  
  23  2:21  SCV  
  26  2:28  Command Center  
  26  2:34  SCV  
  27  2:39  Widow Mine  
  27  2:40  Barracks Reactor  
  29  2:46  Starport  
  29  2:51  Supply Depot  
  29  2:53  SCV  
  30  3:02  Factory Tech Lab  
  30  3:05  SCV  
  31  3:19  Marine x2  
  33  3:20  Siege Tank  
  33  3:22  SCV  
  33  3:23  Liberator  
  37  3:28  Refinery  
  37  3:37  SCV  
  37  3:40  Orbital Command  
  41  3:48  Marine x2  
  43  3:51  SCV  
  44  3:58  Siege Tank  
  44  4:00  Supply Depot  
  47  4:03  SCV  
  47  4:06  SCV  
  47  4:08  Marine  
  50  4:15  Supply Depot  
  50  4:16  SCV  
  51  4:22  Medivac  
  51  4:23  SCV  
  54  4:28  SCV  
  54  4:32  Cyclone, Marine x2  
  54  4:35  SCV  
  57  4:40  SCV  
  58  4:47  SCV  
  58  4:49  Marine  
  58  4:50  Marine  
  58  4:52  SCV  
  61  4:53  Viking  
  63  5:03  SCV  
  63  5:06  Siege Tank  
  64  5:07  Marine x2  
  64  5:13  SCV  
  63  5:17  SCV  
  63  5:23  Viking  
  63  5:25  SCV, Marine  
  61  5:36  SCV  
  61  5:37  SCV  
  61  5:40  Siege Tank  
  63  5:48  SCV  
  64  5:55  SCV  
  64  5:56  Marine x2  
  69  6:05  SCV  
  69  6:08  Command Center  
  67  6:31  Refinery  
Tags
 
Add a new tag
Caveats
  • Supply blocks, unpowered buildings, or Contaminate may cause inaccurate times.
  • Supply counts are checked every 10 seconds.